 Dungeon Crawl Stone Soup version 0.24-a0-516-g9de272bb65 (webtiles) character file.

Game seed: 2704329788771518841

2741 Azzok the Cleaver (level 10, -11/70 HPs)
             Began as a Formicid Fighter on July 21, 2019.
             Was a Follower of Okawaru.
             Killed from afar by a ynoxinul (17 damage)
             ... with an iron shot
             ... summoned by a kobold demonologist
             ... on level 7 of the Dungeon.
             The game lasted 00:10:20 (8671 turns).

Azzok the Cleaver (Formicid Fighter)                Turns: 8671, Time: 00:10:20

Health: -11/70     AC: 18    Str: 24    XL:     10   Next: 0%
Magic:  12/12      EV:  7    Int:  8    God:    Okawaru [*.....]
Gold:   337        SH: 11    Dex: 10    Spells: 9/9 levels left

rFire    . . .     SeeInvis +   a - +0 war axe
rCold    . . .     Gourm    .   c - +0 shield
rNeg     . . .     Faith    .   x - +0 plate armour
rPois    .         Spirit   .   (helmet unavailable)
rElec    .         Reflect  .   (no cloak)
rCorr    +         Harm     .   (no gloves)
MR       +....                  (no boots)
Stlth    ..........             (no amulet)
HPRegen  0.21/turn              j - +6 ring of protection
MPRegen  0.13/turn              y - ring of resist corrosion

@: no status effects
A: permanent stasis, dig shafts and tunnels, four strong arms, antennae 3
a: Dig, Shaft Self, Heroism, Renounce Religion


You were on level 7 of the Dungeon.
You worshipped Okawaru.
Okawaru was aware of your devotion.
You were not hungry.

You visited 1 branch of the dungeon, and saw 7 of its levels.

You collected 337 gold pieces.

Inventory:

Hand Weapons
 a - a +0 war axe (weapon)
 d - a +2 dagger of venom
 v - a +2 flail of crushing
Missiles
 A - a throwing net (quivered)
Armour
 c - a +0 shield (worn)
 x - a +0 plate armour (worn)
Jewellery
 j - a +6 ring of protection (left hand)
 t - an uncursed amulet of rage
 y - a ring of resist corrosion (right hand)
Wands
 q - a wand of flame (15)
Scrolls
 g - a scroll of magic mapping
 h - 3 scrolls of enchant armour {unknown}
 i - a scroll of enchant weapon {unknown}
 m - 2 scrolls of fog {unknown}
 n - 3 scrolls of immolation {unknown}
 s - 3 scrolls of teleportation {unknown}
 z - a scroll of random uselessness {unknown}
 B - a scroll of identify
Potions
 b - a potion of agility {unknown}
 e - a potion of magic {unknown}
 k - a potion of mutation {unknown}
 l - 5 potions of curing
 o - 2 potions of heal wounds {unknown}
 p - a potion of cancellation {unknown}
 r - 4 potions of ambrosia {unknown}
 u - 2 potions of lignification {unknown}
Comestibles
 f - 13 rations
 w - 5 chunks of flesh


   Skills:
 - Level 3.2 Fighting
 + Level 9.2 Axes
 + Level 5.3 Armour
 - Level 9.1 Shields
 + Level 3.4 Invocations
 + Level 3.8 Evocations


You had 9 spell levels left.
You didn't know any spells.
Your spell library contained the following spells:

 Spells                   Type           Power        Failure   Level  Hunger
 Confusing Touch          Hex            #.....       100%        1    ##.....
 Confuse                  Hex            #.......     100%        3    ####...
 Gell's Gravitas          Tloc           #.........   100%        3    ####...
 Petrify                  Tmut/Erth      #.......     100%        4    #####..
 Metabolic Englaciation   Hex/Ice        #.........   100%        5    ######.
 Yara's Violent Unravell  Hex/Tmut       #.........   100%        5    ######.


Dungeon Overview and Level Annotations

Branches:
Dungeon (7/15)             Temple (0/1) D:6

Altars:
Gozag
Okawaru
Ru
Uskayaw
Vehumet

Shops:
D:6 }   D:7 *

Annotations:
D:7 Harold


Innate Abilities, Weirdness & Mutations

You cannot be hasted, slowed, berserked, paralysed or teleported.
You can dig through walls and to a lower floor.
Your four strong arms can wield two-handed weapons with a shield.
You have a pair of large antennae on your head. (SInv)


Message History

You block the kobold demonologist's attack.
You barely miss the kobold demonologist.
The kobold demonologist is almost dead.
You closely miss the sixfirhy.
The sixfirhy hits you but does no damage.
You block the sixfirhy's attack.
The kobold demonologist gestures wildly while chanting.
The sixfirhy hits you but does no damage.
You completely miss the kobold demonologist.
The kobold demonologist is almost dead.
You hit the ynoxinul. You slash the sixfirhy! You block the sixfirhy's attack.
The sixfirhy hits you but does no damage.
The sixfirhy hits you! The sixfirhy shocks you! The sixfirhy hits you!
* * * LOW HITPOINT WARNING * * *
The sixfirhy shocks you!
* * * LOW HITPOINT WARNING * * *
You block the kobold demonologist's attack.
The ynoxinul gestures at you. The iron shot hits you!
You die...

▒·· ▒▒▒▒▒▒▒▒▒·
▒▒······▒▒· ▒·······▒··
▒▒▒▒▒▒▒▒▒······▒··
▒······▒▒······▒··
▒··············▒··
▒3·············'··
▒@3·>··········▒··
······K··············▒··
·····▒▒▒···▒▒▒▒·▒▒▒▒'▒▒·
▒▒▒▒▒▒▒▒···▒▒▒▒·▒▒···▒▒·
··············▒······
··············▒······
··············▒······
··············▒······
···▒▒·(·▒▒·▒▒▒▒···▒▒·


You could see a kobold demonologist, a sixfirhy and a ynoxinul.

Vanquished Creatures
  A two-headed ogre (D:7)
  Prince Ribbit (D:5)
  5 phantoms
  3 ice beasts
  4 ogres
  A centaur (D:6)
  A bullfrog (D:7)
  A scorpion (D:6)
  A crimson imp (D:3)
  A hound (D:6)
  An orc priest (D:5)
  3 orc wizards
  2 centaur skeletons (D:4)
  An iguana (D:4)
  3 worker ants
  A killer bee zombie (D:5)
  A hound zombie (D:5)
  6 gnolls
  9 adders
  A shadow imp (D:7)
  4 oozes
  An adder zombie (D:7)
  4 worms
  4 dart slugs
  3 leopard geckos
  18 orcs
  10 bats
  6 giant cockroaches
  16 goblins
  7 hobgoblins
  14 jackals
  9 kobolds
  A quokka (D:6)
  4 ball pythons
  5 frilled lizards
  A quokka skeleton (D:4)
  4 rats
  A plant (D:1)
159 creatures vanquished.

Notes
Turn   | Place    | Note
-------+----------+-------------------------------------------
     0 | D:1      | Azzok the Formicid Fighter began the quest for the Orb.
     0 | D:1      | Reached XP level 1. HP: 18/18 MP: 1/1
   215 | D:1      | Reached XP level 2. HP: 24/24 MP: 2/2
   541 | D:1      | Reached XP level 3. HP: 29/29 MP: 3/3
  1282 | D:2      | Reached XP level 4. HP: 33/35 MP: 4/4
  1795 | D:2      | Reached skill level 5 in Shields
  2083 | D:2      | Reached XP level 5. HP: 33/41 MP: 5/5
  2806 | D:3      | Reached XP level 6. HP: 45/47 MP: 6/6
  3255 | D:4      | Found a radiant altar of Vehumet.
  3361 | D:4      | Noticed a phantom
  3579 | D:4      | Killed a phantom
  3579 | D:4      | Reached skill level 5 in Axes
  3708 | D:4      | Noticed a phantom
  3721 | D:4      | Reached XP level 7. HP: 52/52 MP: 7/7
  4261 | D:4      | Reached XP level 8. HP: 46/58 MP: 8/8
  4902 | D:5      | Entered Level 5 of the Dungeon
  5477 | D:5      | Noticed Prince Ribbit
  6239 | D:5      | Killed Prince Ribbit
  6239 | D:5      | Reached XP level 9. HP: 14/64 MP: 9/9
  6746 | D:6      | Found Afaginti's Gadget Emporium.
  6753 | D:6      | Reached skill level 1 in Evocations
  6855 | D:6      | Found a hide-covered altar of Uskayaw.
  6856 | D:6      | Found an opulent altar of Gozag.
  6856 | D:6      | Found a sacrificial altar of Ru.
  6867 | D:6      | Found an iron altar of Okawaru.
  6901 | D:6      | Found a staircase to the Ecumenical Temple.
  7585 | D:6      | Became a worshipper of Warmaster Okawaru
  7824 | D:7      | Reached skill level 1 in Invocations
  7858 | D:7      | Noticed Harold
  8223 | D:7      | Noticed a two-headed ogre
  8241 | D:7      | Killed a two-headed ogre
  8241 | D:7      | Reached * piety under Okawaru
  8241 | D:7      | Reached skill level 5 in Armour
  8497 | D:7      | Found Deizepro's General Store.
  8541 | D:7      | Reached XP level 10. HP: 67/70 MP: 12/12
  8657 | D:7      | Noticed a kobold demonologist
  8666 | D:7      | Noticed a sixfirhy
  8671 | D:7      | Killed from afar by a ynoxinul

Levels and vault maps discovered:
D:1:      roderic_crop_circles_arrival_small, layout_loops_corners
D:2:      layout_loops_ring
D:3:      layout_loops_ring, patterned_corridor
D:4:      layout_loops_ring, kennysheep_mini, minmay_ogre_servants
D:5:      layout_loops_ring, first_ration,
          hangedman_abyss_or_decor_jellyfish_corner, uniq_prince_ribbit1
D:6:      layout_loops_ring, nicolae_overflow_quartered_altars,
          lemuel_temple_firewalk_a, serial_shops, shop,
          chequers_serial_rivers_room_a
D:7:      layout_gridville, serial_shops, shop_coins, uniq_harold

Skill      XL: |  1  2  3  4  5  6  7  8  9 |
---------------+----------------------------+-----
Shields        | 4 5 6 8 9 |  9.1
Axes           | 3 4 5 6 8 9 |  9.2
Evocations     | 3 |  3.8
Armour         | 5 |  5.3
Invocations    | 3 |  3.4
Fighting       | |  3.2

Action                   |  1- 3 |  4- 6 |  7- 9 | 10-12 || total
-------------------------+-------+-------+-------+-------++-------
Melee: War axe           |   134 |   210 |   406 |    15 ||   765
Evoke: Wand              |       |       |    10 |       ||    10
  Use: Scroll            |       |       |     8 |       ||     8
       Potion            |       |       |     1 |       ||     1
  Eat: Chunk             |     1 |     8 |     8 |       ||    17
       Ration            |       |       |     3 |       ||     3
Armor: Scale mail        |    69 |     9 |       |       ||    78
       Chain mail        |       |    98 |    17 |       ||   115
       Plate armour      |       |       |   127 |     9 ||   136
Dodge: Dodged            |    36 |    58 |    78 |     4 ||   176
Block: Shield            |    56 |   136 |   206 |     9 ||   407

Table legend:
 A = Non-vault XP
 B = Vault XP
 C = Vault XP percentage of total XP
 D = Non-vault monster count
 E = Vault monster count
 F = Vault count percentage of total count
                 A         B        C        D         E       F
            +---------+---------+-------+---------+---------+-------
      Total |    3513 |     403 |  10.3 |     148 |      10 |   6.3
            +---------+---------+-------+---------+---------+-------
        D:1 |      44 |       0 |   0.0 |      26 |       0 |   0.0
        D:2 |     130 |       0 |   0.0 |      28 |       0 |   0.0
        D:3 |     160 |       0 |   0.0 |      29 |       0 |   0.0
        D:4 |     885 |     135 |  13.2 |      19 |       9 |  32.1
        D:5 |     457 |     268 |  37.0 |      17 |       1 |   5.6
        D:6 |     570 |       0 |   0.0 |      14 |       0 |   0.0
        D:7 |    1267 |       0 |   0.0 |      15 |       0 |   0.0
            +---------+---------+-------+---------+---------+-------
